 Dungeon Crawl Stone Soup version 0.26.1-2-gb8aa6d0cf2 (webtiles) character file.

Game seed: 9132583303583145680

2271 Gadfly the Cudgeller (level 9, 0/85 HPs)
             Began as a Troll Delver on Feb 25, 2021.
             Slain by Harold
             ... wielding a +0 trident
              (13 damage)
             ... on level 7 of the Dungeon.
             The game lasted 00:12:31 (6627 turns).

Gadfly the Cudgeller (Troll Delver)                 Turns: 6627, Time: 00:12:32

Health: 0/85       AC:  7    Str: 24    XL:     9   Next: 16%
Magic:  8/8        EV: 10    Int:  6    God:
Gold:   346        SH:  0    Dex: 12    Spells: 8/8 levels left

rFire    . . .     SeeInvis .   a - +1 whip (elec)
rCold    + . .     Faith    .   (no shield)
rNeg     . . .     Spirit   .   m - +0 robe
rPois    +         Reflect  .   (helmet restricted)
rElec    .         Harm     .   A - +0 cloak {rPois}
rCorr    +         Rampage  .   (gloves unavailable)
Will     .....                  (boots unavailable)
Stlth    ++........             j - amulet of the acrobat
HPRegen  0.64/turn              r - ring of resist corrosion
MPRegen  0.11/turn              y - ring of protection from cold

@: marked
A: large, unfitting armour, claws 3, regeneration 1, shaggy fur 1, tough skin 3
a: no special abilities


You were on level 7 of the Dungeon.
You visited 2 branches of the dungeon, and saw 8 of its levels.

You collected 346 gold pieces.

Inventory:

Hand Weapons
 a - a +1 whip of electrocution (weapon)
 b - a +4 quarterstaff of chaos
 k - a +0 morningstar
 o - a +1 antimagic hand axe
Armour
 m - a +0 robe (worn)
 A - a +0 cloak of poison resistance (worn)
Jewellery
 j - an amulet of the acrobat (around neck)
 r - a ring of resist corrosion (left claw)
 w - an uncursed ring of ice
 y - a ring of protection from cold (right claw)
Wands
 g - a wand of digging (3)
 h - a wand of flame (7)
 i - a wand of iceblast (10) (quivered)
 x - a wand of polymorph (8)
Scrolls
 c - 3 scrolls of fog
 d - 4 scrolls of magic mapping
 e - 2 scrolls of fear
 p - a scroll of vulnerability {unknown}
 q - a scroll of remove curse
 u - a scroll of blinking
 v - a scroll of enchant weapon
Potions
 f - a potion of haste
 l - a potion of curing
 n - a potion of ambrosia
 s - a potion of attraction {unknown}


   Skills:
 + Level 4.5 Fighting
 * Level 6.2 Maces & Flails
 * Level 5.3 Armour
 - Level 1.5 Dodging
 - Level 2.7 Stealth
 * Level 4.7 Evocations


You had 8 spell levels left.
You didn't know any spells.
Your spell library was empty.

Dungeon Overview and Level Annotations

Branches:
Dungeon (7/15)             Temple (1/1) D:4

Altars:
Ashenzari
Cheibriados
Dithmenos
Elyvilon
Fedhas
Hepliaklqana
Kikubaaqudgha
Makhleb
Nemelex Xobeh
Okawaru
Qazlal
Ru
Sif Muna
Trog
Uskayaw
Vehumet
Wu Jian
Xom
Yredelemnul
Zin
The Shining One

Annotations:
D:7 Harold


Innate Abilities, Weirdness & Mutations

You are too large for most types of armour.
You have claws for hands.
Your natural rate of healing is unusually fast.
You are covered in fur. (AC +1)
You have extremely tough skin. (AC +3)


Message History

Harold hits you with a +0 trident!
* * * LOW HITPOINT WARNING * * *
Harold hits you with a +0 trident!
* * * LOW HITPOINT WARNING * * *
Harold gestures at you while chanting. The mark upon you grows brighter.
Harold points at you and mumbles some strange words.
The mark upon you grows brighter.
Harold asks, "Do you mind if I name my boat the 'Gadfly'?
Your head will be paying for it, after all."
Harold zaps a wand.
You resist with some effort.
You can move again.
You feel better.
Harold zaps a wand.
You resist with some effort.
The now-empty wand crumbles to dust.
You hit Harold but do no damage.
Harold is almost dead.
Harold completely misses you.
You barely miss Harold.
Harold is almost dead.
Harold hits you with a +0 trident!
You die...

#.... .# #... ##.#..##
#.#..# .
######..##..###...# ..
........# #..###.##
#..........###.......###
#... ##..##.........#
..... ###............#..
#...#..####.......####
#....@## #......## #
#...##.@# #..#.....# ##
.. ##.# #..##....# #.
#.# #.###........ ##. ..
#.......# . ..# ..#....
# ... ..


You could see Harold.

Vanquished Creatures
  A sky beast (D:6)
  2 orc warriors (D:6)
  5 ogres
  A necrophage (D:6)
  A phantom (D:5)
  A big kobold (D:6)
  4 bullfrogs
  A gnoll sergeant (D:7)
  3 scorpions
  A water moccasin skeleton (D:4)
  4 wights (D:6)
  3 howler monkeys
  2 hounds
  An orc wizard (D:7)
  Crazy Yiuf (D:5)
  A bullfrog skeleton (D:5)
  A centaur skeleton (D:4)
  4 worker ants
  2 hound zombies
  A worker ant zombie (D:6)
  6 gnolls
  7 adders
  2 white imps (D:6)
  2 ufetubi
  2 oozes
  An adder zombie (D:7)
  7 worms
  2 dart slugs (D:3)
  2 leopard geckos
  9 orcs
  6 bats
  4 giant cockroaches
  9 goblins
  12 hobgoblins
  7 jackals
  A quokka (D:5)
  5 frilled lizards
  A jackal skeleton (D:4)
  11 kobolds
  A leopard gecko zombie (D:6)
  A quokka skeleton (D:4)
  12 rats
150 creatures vanquished.

Vanquished Creatures (others)
  2 bushes (D:6)
  13 plants (D:6)
15 creatures vanquished.

Grand Total: 165 creatures vanquished

Notes
Turn   | Place    | Note
-------+----------+-------------------------------------------
     0 | D:5      | Gadfly the Troll Delver began the quest for the Orb.
     0 | D:5      | Reached XP level 1. HP: 22/22 MP: 0/0
    59 | D:4      | Noticed a hound
    76 | D:4      | Killed a hound
    77 | D:4      | Reached skill level 2 in Maces & Flails
    77 | D:4      | Reached skill level 1 in Armour
    77 | D:4      | Reached XP level 2. HP: 9/29 MP: 1/1
    77 | D:4      | Reached XP level 3. HP: 12/36 MP: 2/2
   346 | D:4      | Reached skill level 1 in Evocations
   369 | D:4      | Reached XP level 4. HP: 23/44 MP: 3/3
   558 | D:2      | Found a stormy altar of Qazlal.
   950 | D:1      | Reached skill level 3 in Maces & Flails
   953 | D:1      | Reached XP level 5. HP: 49/52 MP: 4/4
  1463 | D:2      | Found a broken altar of Ashenzari.
  2004 | D:2      | Found a bloodstained altar of Trog.
  2228 | D:3      | Found a glowing golden altar of the Shining One.
  2268 | D:3      | Found a radiant altar of Vehumet.
  2280 | D:3      | Found an ornate altar of the Wu Jian Council.
  2365 | D:3      | You fall into a shaft and drop 3 floors!
  2463 | D:5      | Reached XP level 6. HP: 54/61 MP: 5/5
  3751 | D:4      | Found a staircase to the Ecumenical Temple.
  3855 | Temple   | Entered the Ecumenical Temple
  3991 | D:4      | Found a basalt altar of Yredelemnul.
  4035 | D:5      | Found a shadowy altar of Dithmenos.
  4095 | D:5      | Reached skill level 4 in Maces & Flails
  4095 | D:5      | Reached XP level 7. HP: 43/67 MP: 6/6
  4225 | D:5      | Found a runed translucent door.
  4226 | D:5      | Noticed Crazy Yiuf
  4715 | D:5      | Killed Crazy Yiuf
  5094 | D:6      | Reached XP level 8. HP: 65/78 MP: 7/7
  5180 | D:6      | Found a sparkling altar of Nemelex Xobeh.
  5216 | D:6      | Found a blossoming altar of Fedhas.
  5444 | D:6      | Found an iron altar of Okawaru.
  5516 | D:6      | Reached skill level 5 in Maces & Flails
  6117 | D:6      | Reached skill level 5 in Armour
  6254 | D:7      | Reached XP level 9. HP: 56/85 MP: 8/8
  6266 | D:6      | Reached skill level 6 in Maces & Flails
  6586 | D:7      | Noticed Harold
  6594 | D:7      | Paralysed by Harold for 2 turns
  6617 | D:7      | Paralysed by Harold for 7 turns
  6620 | D:7      | HP: 1/85 [Harold/+0 trident (8)]
  6627 | D:7      | Slain by Harold

Illustrated notes

Levels and vault maps discovered:
D:1:      dpeg_arrival_rhombus, layout_basic, minmay_tetromino_o4
D:2:      layout_basic, evilmike_ruin_ashenzari,
          nicolae_qazlal_general_emergency, grunt_decor_fettered,
          lemuel_tele_altar
D:3:      layout_loops_ring, nzn_wu_jian_contemplation, lemuel_crystal_altar,
          lemuel_doored_altar, minmay_ruptured
D:4:      layout_basic, kennysheep_little_box, temple_pool_b
D:5:      layout_gridville, nicolae_dithmenos_through_a_glass_darkly,
          uniq_crazy_yiuf_cottage
D:6:      layout_loops_ring, nemelex_xobeh_ov_fountains_minmay,
          fedhas_altar_decomposition, roderic_roman_lattice,
          okawaru_metal_pillars_3
D:7:      minmay_s_stair_smasher, layout_layer_cave, uniq_harold
Temple:   minmay_freezing_vapour_temple

Skill      XL: |  1  2  3  4  5  6  7  8  9 |
---------------+----------------------------+-----
Maces & Flails | 2 3 4 5 6 |  6.2
Armour         | 1 2 3 5 |  5.3
Evocations     | 1 2 3 4 |  4.7
Fighting       | 3 4 |  4.5
Dodging        | |  1.5
Stealth        | |  2.7

Action                   |  1- 3 |  4- 6 |  7- 9 || total
-------------------------+-------+-------+-------++-------
Melee: Mace              |    34 |    87 |       ||   121
       Flail             |       |    75 |       ||    75
       Whip              |       |   136 |   216 ||   352
       Quarterstaff      |       |       |     4 ||     4
Evoke: Wand              |       |       |     2 ||     2
  Use: Scroll            |       |     7 |     1 ||     8
       Potion            |       |     1 |     3 ||     4
 Stab: Sleeping          |       |     7 |     2 ||     9
Armor: Robe              |    12 |   125 |    67 ||   204
Dodge: Dodged            |    24 |   163 |   129 ||   316
